[Event "45th FIDE Olympiad 2024"]
[Site "Budapest"]
[Date "2024.09.13"]
[Round "3.136"]
[White "Eltag, Siddig"]
[Black "Vanczak, Tamas"]
[Result "0-1"]
[ECO "A62"]
[WhiteElo "2138"]
[BlackElo "2401"]
[Annotator "RC"]
[PlyCount "112"]
[EventDate "2024.09.05"]
[EventType "team-tourn"]
[EventCountry "HUN"]
[SourceTitle "playchess.com"]
[Source "ChessBase"]
[SourceQuality "1"]
[WhiteTeam "Sudan"]
[BlackTeam "Hungary C"]
[WhiteTeamCountry "SUD"]
[TimeControl "40/5400+30:1800+30"]

1. d4 Nf6 2. c4 e6 3. Nf3 c5 4. d5 exd5 5. cxd5 d6 6. g3 g6 7. Bg2 Bg7 8. Nc3 O-O 9. Qa4 Bg4 10. Bg5 Bxf3 11. Bxf3 h6 12. Bf4 a6 13. h4 Ne8 14. O-O Nd7 15. e4 Ne5 16. Be2 b5 17. Qd1 Nc7 18. Qd2 Kh7 19. a3 a5 20. Bxe5 Bxe5 21. Nxb5 Nxb5 22. Bxb5 a4 23. Rab1 Qb6 24. Bc6 Ra6 25. Rfc1 Rb8 26. Qd3 Qa7 27. Rc4 Rb3 28. Qc2 Rab6 29. Rxa4 Qc7 30. Rb4 Rxg3+ 31. fxg3 cxb4 32. Kg2 bxa3 33. bxa3 Rxb1 34. Qxb1 Qa5 35. Qb4 Qa6 36. Qd2 Qxa3 37. Qf2 Kg7 38. Be8 Bf6 39. Qf3 Qb2+ 40. Kh3 h5 41. Ba4 Be5 42. Bd1 Qd4 43. Kg2 Qd2+ 44. Qe2 Qc3 45. Qf3 Qe1 46. Be2 Bxg3 47. Qxg3 Qxe2+ 48. Kh3 Qxe4 49. Qxd6 Qg4+ 50. Kh2 Qxh4+ 51. Kg2 Qe4+ 52. Kf2 h4 53. Qc5 Qe5 54. Qc6 Qg3+ 55. Ke2 Qg2+ 56. Ke3 h3 0-1

[Event "45th FIDE Olympiad 2024"]
[Site "Budapest"]
[Date "2024.09.13"]
[Round "3.137"]
[White "Ahmad, Al Khatib"]
[Black "Keinanen, Toivo"]
[Result "1/2-1/2"]
[ECO "D53"]
[WhiteElo "2302"]
[BlackElo "2554"]
[Annotator "RC"]
[PlyCount "102"]
[EventDate "2024.09.05"]
[EventType "team-tourn"]
[EventCountry "HUN"]
[SourceTitle "playchess.com"]
[Source "ChessBase"]
[SourceQuality "1"]
[WhiteTeam "Jordan"]
[BlackTeam "Finland"]
[WhiteTeamCountry "JOR"]
[BlackTeamCountry "FIN"]
[TimeControl "40/5400+30:1800+30"]

1. d4 d5 2. c4 e6 3. Nc3 Be7 4. Nf3 Nf6 5. Bg5 h6 6. Bxf6 Bxf6 7. Rc1 dxc4 8. e3 Nd7 9. Bxc4 c5 10. Ne4 Qa5+ 11. Rc3 O-O 12. Nxf6+ Nxf6 13. O-O b5 14. Be2 c4 15. a4 Nd5 16. Rc1 c3 17. axb5 cxb2 18. Rc2 a6 19. Rxb2 Nc3 20. Qa1 axb5 21. Qxa5 Rxa5 22. Ne5 Bb7 23. Bf3 Bxf3 24. gxf3 Rfa8 25. Rc1 Ra1 26. Rxa1 Rxa1+ 27. Kg2 Rb1 28. Rxb1 Nxb1 29. Kf1 f6 30. Nd3 Nd2+ 31. Ke2 Nc4 32. Nc5 Kf7 33. Kd3 Ke7 34. Kc3 g5 35. Nb3 Kd6 36. Kb4 Kc6 37. e4 e5 38. d5+ Kb6 39. Nc5 Kc7 40. Nb3 Kb6 41. Nc5 Kc7 42. Kxb5 Nd2 43. Nd3 Nxf3 44. Kc5 Nxh2 45. d6+ Kd8 46. Kd5 Nf3 47. Ke6 h5 48. d7 h4 49. Nc5 Nd4+ 50. Kd6 Nb5+ 51. Kc6 Nd4+ 1/2-1/2

[Event "45th FIDE Olympiad 2024"]
[Site "Budapest"]
[Date "2024.09.13"]
[Round "3.138"]
[White "Agopov, Mikael"]
[Black "Saif, Malek"]
[Result "0-1"]
[ECO "C58"]
[WhiteElo "2451"]
[BlackElo "2162"]
[Annotator "RC"]
[PlyCount "62"]
[EventDate "2024.09.05"]
[EventType "team-tourn"]
[EventCountry "HUN"]
[SourceTitle "playchess.com"]
[Source "ChessBase"]
[SourceQuality "1"]
[WhiteTeam "Finland"]
[BlackTeam "Jordan"]
[WhiteTeamCountry "FIN"]
[BlackTeamCountry "JOR"]
[TimeControl "40/5400+30:1800+30"]

1. e4 e5 2. Nf3 Nc6 3. Bc4 Nf6 4. Ng5 d5 5. exd5 Na5 6. Bb5+ c6 7. dxc6 bxc6 8. Bd3 Nd5 9. Nf3 Nf4 10. Bf1 e4 11. d3 exf3 12. Bxf4 Qf6 13. Qc1 Bc5 14. gxf3 O-O 15. Nc3 Re8+ 16. Be2 Bb4 17. Rb1 Ba6 18. a3 Bxc3+ 19. bxc3 Re6 20. Rb4 Rae8 21. Re4 c5 22. O-O Bb7 23. Re3 Qxc3 24. Qa1 Qd4 25. Qxd4 cxd4 26. Rxe6 Rxe6 27. Bd1 Nc6 28. Kg2 Ne5 29. Re1 Nxd3 30. cxd3 Rxe1 31. Bb3 Ba6 0-1

[Event "45th FIDE Olympiad 2024"]
[Site "Budapest"]
[Date "2024.09.13"]
[Round "3.139"]
[White "Anas, Khwaira"]
[Black "Lahdelma, Henri"]
[Result "1/2-1/2"]
[ECO "E58"]
[WhiteElo "1994"]
[BlackElo "2331"]
[Annotator "RC"]
[PlyCount "140"]
[EventDate "2024.09.05"]
[EventType "team-tourn"]
[EventCountry "HUN"]
[SourceTitle "playchess.com"]
[Source "ChessBase"]
[SourceQuality "1"]
[WhiteTeam "Jordan"]
[BlackTeam "Finland"]
[WhiteTeamCountry "JOR"]
[BlackTeamCountry "FIN"]
[TimeControl "40/5400+30:1800+30"]

1. d4 d5 2. c4 e6 3. Nc3 Bb4 4. a3 Bxc3+ 5. bxc3 c5 6. e3 Nc6 7. Bd3 Nf6 8. Nf3 O-O 9. O-O Re8 10. Qc2 b6 11. cxd5 exd5 12. dxc5 bxc5 13. c4 Bg4 14. cxd5 Qxd5 15. Be2 Bf5 16. Qd1 Rab8 17. Qxd5 Nxd5 18. Bd2 Nf4 19. Bc4 Bd3 20. Bxd3 Nxd3 21. Rfb1 Rb6 22. Bc3 f6 23. Rd1 Rd8 24. Nd2 Kf7 25. Kf1 Ke6 26. Ke2 Nb2 27. Rdc1 Na4 28. Ra2 Rdb8 29. Ba1 Na5 30. Rac2 Nb3 31. Nxb3 Rxb3 32. Ra2 Kd5 33. Rd2+ Kc6 34. Ra2 Rd8 35. Rc4 Kb5 36. Rg4 g6 37. Bxf6 Rdd3 38. Rh4 Rxa3 39. Rxa3 Rxa3 40. Rxh7 c4 41. Rc7 Nb6 42. Bd4 Ra2+ 43. Kf3 Kb4 44. h4 Kb3 45. g4 Ra5 46. h5 gxh5 47. gxh5 Rxh5 48. Rxa7 Nd5 49. Kg4 Rh2 50. Rd7 Nc3 51. Bxc3 Kxc3 52. f4 Rd2 53. Rc7 Kd3 54. e4 Kxe4 55. Rxc4+ Kd5 56. Ra4 Ke6 57. Ra7 Rg2+ 58. Kf3 Rg1 59. Ra6+ Kf5 60. Ra5+ Kf6 61. Ra2 Kf5 62. Ra5+ Kf6 63. Ra8 Rf1+ 64. Ke3 Re1+ 65. Kd4 Rd1+ 66. Ke3 Re1+ 67. Kf2 Rb1 68. Rf8+ Ke7 69. Rf5 Ke6 70. Ra5 Kf6 1/2-1/2

[Event "45th FIDE Olympiad 2024"]
[Site "Budapest"]
[Date "2024.09.13"]
[Round "3.140"]
[White "Wartiovaara, Oliver"]
[Black "Rakan, Dasa"]
[Result "1/2-1/2"]
[ECO "B13"]
[WhiteElo "2300"]
[BlackElo "1976"]
[Annotator "RC"]
[PlyCount "137"]
[EventDate "2024.09.05"]
[EventType "team-tourn"]
[EventCountry "HUN"]
[SourceTitle "playchess.com"]
[Source "ChessBase"]
[SourceQuality "1"]
[WhiteTeam "Finland"]
[BlackTeam "Jordan"]
[WhiteTeamCountry "FIN"]
[BlackTeamCountry "JOR"]
[TimeControl "40/5400+30:1800+30"]

1. e4 c6 2. d4 d5 3. exd5 cxd5 4. Nf3 Nf6 5. c3 Nc6 6. Ne5 Qb6 7. Bd3 g6 8. Qf3 Bg7 9. O-O Be6 10. Re1 O-O 11. Nd2 Nxe5 12. dxe5 Nd7 13. Qg3 d4 14. Nf3 dxc3 15. bxc3 Rfd8 16. Bg5 Nf8 17. Be4 Qc7 18. Qh4 Rd7 19. Re3 Rad8 20. Bc2 Bd5 21. Ba4 Bc6 22. Bb3 Bxf3 23. gxf3 Ne6 24. Bxe6 fxe6 25. Rae1 Rf8 26. f4 Bh8 27. Qg4 Qc4 28. a3 Qb3 29. h4 h5 30. Qg3 Kh7 31. Rd3 Rfd8 32. Rxd7 Rxd7 33. f5 exf5 34. e6 Rd1 35. Rxd1 Qxd1+ 36. Kh2 Qe2 37. Qg2 Bxc3 38. Qxb7 Qxe6 39. Bxe7 Be5+ 40. Kg2 Qf7 41. Qb4 Qd5+ 42. f3 Qc6 43. Qb3 Kg7 44. Bg5 Qd7 45. a4 Bf6 46. Bxf6+ Kxf6 47. Qc3+ Kf7 48. Qc4+ Kg7 49. Qc3+ Kh7 50. a5 Qe7 51. Qc4 Qd7 52. a6 Kg7 53. Qc3+ Kg8 54. Qf6 Qf7 55. Qd8+ Kg7 56. Qd4+ Kg8 57. Qd8+ Kh7 58. Qc8 Kg7 59. Qc3+ Kg8 60. Qc8+ Kg7 61. Qc3+ Kf8 62. Qc8+ Ke7 63. Qc7+ Ke6 64. Qc4+ Ke7 65. Qc7+ Kf8 66. Qc8+ Kg7 67. Qc3+ Kh7 68. Qc8 Kg7 69. Qc3+ 1/2-1/2

[Event "45th FIDE Olympiad 2024"]
[Site "Budapest"]
[Date "2024.09.13"]
[Round "3.141"]
[White "Maksimovic, Bojan"]
[Black "Al-Ali, Hussein Ali Hussein"]
[Result "1-0"]
[ECO "C10"]
[WhiteElo "2503"]
[BlackElo "2122"]
[Annotator "RC"]
[PlyCount "69"]
[EventDate "2024.09.05"]
[EventType "team-tourn"]
[EventCountry "HUN"]
[SourceTitle "playchess.com"]
[Source "ChessBase"]
[SourceQuality "1"]
[WhiteTeam "Bosnia & Herzegovina"]
[BlackTeam "Iraq"]
[WhiteTeamCountry "BIH"]
[BlackTeamCountry "IRQ"]
[TimeControl "40/5400+30:1800+30"]

1. e4 e6 2. d4 d5 3. Nc3 dxe4 4. Nxe4 Nd7 5. Nf3 Ngf6 6. Nxf6+ Nxf6 7. c3 c5 8. Ne5 a6 9. Qa4+ Bd7 10. Nxd7 Nxd7 11. Be3 Qc7 12. g3 Rd8 13. Bg2 Bd6 14. dxc5 Bxc5 15. Bxc5 Qxc5 16. Bxb7 O-O 17. O-O Ne5 18. Qc2 h5 19. Rad1 a5 20. Bg2 h4 21. Rxd8 Rxd8 22. Rd1 Rc8 23. Qe4 hxg3 24. hxg3 Rb8 25. Qd4 Qc7 26. b4 Rc8 27. b5 Rb8 28. a4 Nc4 29. Bc6 Nb6 30. c4 e5 31. Qh4 e4 32. c5 Nxa4 33. Rd7 Qe5 34. Bxe4 f5 35. Bd5+ 1-0

[Event "45th FIDE Olympiad 2024"]
[Site "Budapest"]
[Date "2024.09.13"]
[Round "3.142"]
[White "Mohammed, Zozek Salah Mohammed"]
[Black "Burovic, Rijad"]
[Result "1/2-1/2"]
[ECO "A65"]
[WhiteElo "2180"]
[BlackElo "2426"]
[Annotator "RC"]
[PlyCount "132"]
[EventDate "2024.09.05"]
[EventType "team-tourn"]
[EventCountry "HUN"]
[SourceTitle "playchess.com"]
[Source "ChessBase"]
[SourceQuality "1"]
[WhiteTeam "Iraq"]
[BlackTeam "Bosnia & Herzegovina"]
[WhiteTeamCountry "IRQ"]
[BlackTeamCountry "BIH"]
[TimeControl "40/5400+30:1800+30"]

1. d4 Nf6 2. c4 g6 3. f3 Bg7 4. e4 O-O 5. Nc3 d6 6. Nge2 c5 7. d5 e6 8. Ng3 exd5 9. cxd5 a6 10. a4 Nh5 11. Nxh5 gxh5 12. Be3 f5 13. Qd2 Nd7 14. Be2 Ne5 15. O-O Qf6 16. f4 Ng4 17. Bxg4 hxg4 18. e5 Qe7 19. exd6 Qxd6 20. Qf2 b6 21. a5 Re8 22. Rad1 Rxe3 23. Qxe3 b5 24. Qe8+ Bf8 25. Rfe1 Rb8 26. Re5 Bd7 27. Qh5 b4 28. Ne2 Bg7 29. Qg5 h6 30. Qe7 Bxe5 31. Qxe5 Qf8 32. Qc7 Ba4 33. Rc1 Rc8 34. Qb7 Bb5 35. Ng3 c4 36. Nh5 Qc5+ 37. Kh1 Qc7 38. Qxc7 Rxc7 39. d6 Rb7 40. Nf6+ Kf7 41. Nd5 Rd7 42. Nxb4 Rxd6 43. Kg1 Rd2 44. Rc2 Rd1+ 45. Kf2 Ra1 46. Ke3 Rxa5 47. Kd4 Ra1 48. Nd5 Re1 49. Ne3 Ke6 50. g3 h5 51. Nxc4 Re4+ 52. Kc5 Bxc4 53. Rxc4 Re2 54. Ra4 Rc2+ 55. Kd4 Rd2+ 56. Kc5 Rc2+ 57. Kd4 Rd2+ 58. Kc5 Rxb2 59. Rxa6+ Ke7 60. Ra7+ Ke6 61. Ra6+ Kd7 62. Ra7+ Ke6 63. Ra6+ Ke7 64. Ra7+ Ke6 65. Ra6+ Kd7 66. Ra7+ Ke6 1/2-1/2

[Event "45th FIDE Olympiad 2024"]
[Site "Budapest"]
[Date "2024.09.13"]
[Round "3.143"]
[White "Culum, Sanjin"]
[Black "Salih, Akar Ali Salih"]
[Result "1-0"]
[ECO "B38"]
[WhiteElo "2409"]
[BlackElo "2174"]
[Annotator "RC"]
[PlyCount "65"]
[EventDate "2024.09.05"]
[EventType "team-tourn"]
[EventCountry "HUN"]
[SourceTitle "playchess.com"]
[Source "ChessBase"]
[SourceQuality "1"]
[WhiteTeam "Bosnia & Herzegovina"]
[BlackTeam "Iraq"]
[WhiteTeamCountry "BIH"]
[BlackTeamCountry "IRQ"]
[TimeControl "40/5400+30:1800+30"]

1. e4 c5 2. Nf3 g6 3. d4 cxd4 4. Nxd4 Bg7 5. c4 Nc6 6. Be3 Qb6 7. Nb3 Qd8 8. Qd2 Nf6 9. Nc3 d6 10. Be2 O-O 11. O-O Be6 12. f3 Nd7 13. f4 f5 14. exf5 gxf5 15. Kh1 Rc8 16. Rac1 Nc5 17. Nd4 Bd7 18. Bf3 Nb4 19. Rcd1 a5 20. a3 Nbd3 21. Be2 e5 22. Ndb5 Bxb5 23. Nxb5 e4 24. b4 axb4 25. axb4 Na6 26. Bxd3 exd3 27. Qxd3 Nxb4 28. Qb3 Qe7 29. Nxd6 Rc6 30. c5+ Kh8 31. Rfe1 Na6 32. Bd4 Qd7 33. Nf7+ 1-0

[Event "45th FIDE Olympiad 2024"]
[Site "Budapest"]
[Date "2024.09.13"]
[Round "3.144"]
[White "Alothman, Ali Layth Ahmed"]
[Black "Marjanovic, Dejan"]
[Result "0-1"]
[ECO "E06"]
[WhiteElo "2161"]
[BlackElo "2365"]
[Annotator "RC"]
[PlyCount "88"]
[EventDate "2024.09.05"]
[EventType "team-tourn"]
[EventCountry "HUN"]
[SourceTitle "playchess.com"]
[Source "ChessBase"]
[SourceQuality "1"]
[WhiteTeam "Iraq"]
[BlackTeam "Bosnia & Herzegovina"]
[WhiteTeamCountry "IRQ"]
[BlackTeamCountry "BIH"]
[TimeControl "40/5400+30:1800+30"]

1. Nf3 d5 2. g3 Nf6 3. Bg2 e6 4. c4 Be7 5. O-O O-O 6. d4 a5 7. Nc3 c6 8. Re1 b6 9. Ne5 Bb7 10. e4 dxc4 11. Nxc4 b5 12. Ne5 Nbd7 13. Nxd7 Nxd7 14. Be3 e5 15. f4 exd4 16. Bxd4 Bc5 17. Kh1 Bxd4 18. Qxd4 c5 19. Qf2 b4 20. Na4 c4 21. e5 Qc7 22. Rad1 Bc6 23. Qc2 Rac8 24. Rd6 Bxa4 25. Qxa4 Nc5 26. Qc2 Nd3 27. Re2 Rfd8 28. Rc6 Qa7 29. Rxc8 Rxc8 30. Be4 Qd4 31. Kg2 Rd8 32. Bf3 h6 33. h4 c3 34. bxc3 bxc3 35. Kh3 Nb4 36. Qc1 Nd3 37. Qc2 Nb4 38. Qc1 Rc8 39. a3 Nd3 40. Qc2 Nc5 41. Qf5 Rc7 42. Kg2 Qd3 43. g4 Qxf5 44. gxf5 Nd3 0-1

[Event "45th FIDE Olympiad 2024"]
[Site "Budapest"]
[Date "2024.09.13"]
[Round "3.145"]
[White "Christie, Joshua"]
[Black "Bachmann, Axel"]
[Result "0-1"]
[ECO "D20"]
[WhiteElo "2271"]
[BlackElo "2560"]
[Annotator "RC"]
[PlyCount "90"]
[EventDate "2024.09.05"]
[EventType "team-tourn"]
[EventCountry "HUN"]
[SourceTitle "playchess.com"]
[Source "ChessBase"]
[SourceQuality "1"]
[WhiteTeam "Jamaica"]
[BlackTeam "Paraguay"]
[WhiteTeamCountry "JAM"]
[BlackTeamCountry "PAR"]
[TimeControl "40/5400+30:1800+30"]

1. d4 d5 2. c4 dxc4 3. e3 e5 4. Bxc4 Nc6 5. Nf3 e4 6. Nfd2 Qg5 7. Nxe4 Qxg2 8. Ng3 Qh3 9. Qh5 Qxh5 10. Nxh5 Nb4 11. Na3 Bg4 12. Be2 Bxe2 13. Kxe2 g6 14. Nf4 Nf6 15. Nb5 Kd7 16. a3 Nc6 17. Rd1 Bd6 18. Nd3 Rhe8 19. Nc5+ Kc8 20. Nxd6+ cxd6 21. Nb3 d5 22. Bd2 b6 23. Rac1 Kd7 24. f3 Nh5 25. Kd3 f5 26. Be1 Re6 27. Bh4 Rae8 28. Re1 h6 29. f4 Re4 30. Bf2 g5 31. fxg5 hxg5 32. Nd2 R4e6 33. h3 Nf6 34. Rg1 g4 35. Rcf1 gxh3 36. Rh1 Rh8 37. Bg3 Ng4 38. Bf4 Ne7 39. Bg5 Rh5 40. Nf3 Ng6 41. Kd2 h2 42. a4 Rh3 43. b4 Rg3 44. b5 Rg2+ 45. Kd3 f4 0-1

[Event "45th FIDE Olympiad 2024"]
[Site "Budapest"]
[Date "2024.09.13"]
[Round "3.146"]
[White "Delgado Ramirez, Neuris"]
[Black "Smith, Shreyas"]
[Result "1-0"]
[ECO "B23"]
[WhiteElo "2484"]
[BlackElo "2226"]
[Annotator "RC"]
[PlyCount "65"]
[EventDate "2024.09.05"]
[EventType "team-tourn"]
[EventCountry "HUN"]
[SourceTitle "playchess.com"]
[Source "ChessBase"]
[SourceQuality "1"]
[WhiteTeam "Paraguay"]
[BlackTeam "Jamaica"]
[WhiteTeamCountry "PAR"]
[BlackTeamCountry "JAM"]
[TimeControl "40/5400+30:1800+30"]

1. e4 c5 2. Nc3 Nc6 3. Bb5 Nd4 4. Nf3 a6 5. Bd3 Nc6 6. O-O d6 7. a3 g6 8. b4 Bg7 9. Rb1 b5 10. Nd5 e6 11. Ne3 cxb4 12. axb4 d5 13. c3 d4 14. cxd4 Nxd4 15. Nxd4 Bxd4 16. Qb3 Ne7 17. Be2 e5 18. Nc2 Bb6 19. Qg3 f6 20. Kh1 Qc7 21. Ne3 Bb7 22. d3 O-O 23. Bd1 Qd6 24. Ng4 Bc8 25. Bh6 Rf7 26. f4 Bd4 27. fxe5 Bxe5 28. Nxe5 fxe5 29. Bb3 Be6 30. Rxf7 Bxf7 31. Bxf7+ Kxf7 32. Rf1+ Kg8 33. Qf3 1-0

[Event "45th FIDE Olympiad 2024"]
[Site "Budapest"]
[Date "2024.09.13"]
[Round "3.147"]
[White "Glaves, Raheem"]
[Black "Cubas, Jose Fernando"]
[Result "0-1"]
[ECO "A26"]
[WhiteElo "2094"]
[BlackElo "2417"]
[Annotator "RC"]
[PlyCount "66"]
[EventDate "2024.09.05"]
[EventType "team-tourn"]
[EventCountry "HUN"]
[SourceTitle "playchess.com"]
[Source "ChessBase"]
[SourceQuality "1"]
[WhiteTeam "Jamaica"]
[BlackTeam "Paraguay"]
[WhiteTeamCountry "JAM"]
[BlackTeamCountry "PAR"]
[TimeControl "40/5400+30:1800+30"]

1. Nf3 Nf6 2. g3 g6 3. Bg2 Bg7 4. O-O O-O 5. c4 d6 6. Nc3 e5 7. d3 Nc6 8. Bg5 h6 9. Bd2 Be6 10. Qc1 Kh7 11. Rb1 a5 12. a3 Qd7 13. b4 axb4 14. axb4 Bh3 15. Nd5 Bxg2 16. Nxf6+ Bxf6 17. Kxg2 Bg7 18. b5 Nd8 19. Bc3 Ne6 20. Qc2 f5 21. Rfc1 Rae8 22. Nd2 h5 23. Ra1 Bh6 24. Ra7 b6 25. Rca1 Bxd2 26. Qxd2 f4 27. d4 exd4 28. Bxd4 Nxd4 29. Qxd4 Rxe2 30. Qxb6 f3+ 31. Kh1 Rf7 32. Rxc7 Qxc7 33. Qd4 Qe7 0-1

[Event "45th FIDE Olympiad 2024"]
[Site "Budapest"]
[Date "2024.09.13"]
[Round "3.148"]
[White "Latorre, Matias"]
[Black "Shaw, Jaden"]
[Result "1-0"]
[ECO "B14"]
[WhiteElo "2264"]
[BlackElo "2051"]
[Annotator "RC"]
[PlyCount "145"]
[EventDate "2024.09.05"]
[EventType "team-tourn"]
[EventCountry "HUN"]
[SourceTitle "playchess.com"]
[Source "ChessBase"]
[SourceQuality "1"]
[WhiteTeam "Paraguay"]
[BlackTeam "Jamaica"]
[WhiteTeamCountry "PAR"]
[BlackTeamCountry "JAM"]
[TimeControl "40/5400+30:1800+30"]

1. c4 Nf6 2. Nc3 c5 3. Nf3 g6 4. e3 Bg7 5. d4 cxd4 6. exd4 d5 7. Qb3 dxc4 8. Bxc4 O-O 9. Ne5 e6 10. Be3 Nc6 11. Nxc6 bxc6 12. O-O Qc7 13. Ne2 Nd5 14. Bxd5 cxd5 15. Rfc1 Qb6 16. Qxb6 axb6 17. Rc6 Ba6 18. Nc3 b5 19. Rb6 Bf6 20. a3 Rfc8 21. Rc1 Bd8 22. Rd6 Kf8 23. Bf4 Ke8 24. g3 g5 25. Be5 Ke7 26. Re1 Bb7 27. Nxb5 Ra5 28. Rxd8 Rxd8 29. Nc3 Rc8 30. g4 Rc4 31. Rd1 Ra6 32. Bg3 Rb6 33. Rd2 Rb3 34. f3 Bc8 35. Kf2 Bd7 36. Ke1 Rc6 37. Kd1 Rcb6 38. Kc1 f6 39. h4 Kf7 40. hxg5 fxg5 41. Be5 Kg8 42. Bf6 Be8 43. Be7 Ra6 44. Bb4 Bg6 45. Rf2 Rc6 46. Kd1 Rc4 47. Rd2 Kf7 48. Ke2 h5 49. gxh5 Bxh5 50. Kf2 Kg6 51. Bd6 Rc6 52. Bb4 Rc4 53. Bd6 Kf5 54. Ke3 Bf7 55. Rg2 Rb7 56. Be5 Bg6 57. Kd3 Rc8 58. b4 Ra8 59. Ra2 Be8 60. Bd6 Ra6 61. Bc5 Kf4 62. a4 Kxf3 63. a5 g4 64. Ra1 g3 65. Rf1+ Kg2 66. Rf8 Bg6+ 67. Ke3 Rg7 68. Bb6 Bh7 69. Ne2 Kh1 70. b5 Rxb6 71. axb6 g2 72. Kf2 Rb7 73. Rf4 1-0

[Event "45th FIDE Olympiad 2024"]
[Site "Budapest"]
[Date "2024.09.13"]
[Round "3.149"]
[White "Meier, Georg"]
[Black "Espinoza Solano, Jose Nahum"]
[Result "1-0"]
[ECO "D02"]
[WhiteElo "2591"]
[BlackElo "2156"]
[Annotator "RC"]
[PlyCount "99"]
[EventDate "2024.09.05"]
[EventType "team-tourn"]
[EventCountry "HUN"]
[SourceTitle "playchess.com"]
[Source "ChessBase"]
[SourceQuality "1"]
[WhiteTeam "Uruguay"]
[BlackTeam "Nicaragua"]
[WhiteTeamCountry "URU"]
[BlackTeamCountry "NCA"]
[TimeControl "40/5400+30:1800+30"]

1. Nf3 Nf6 2. g3 g6 3. Bg2 Bg7 4. O-O O-O 5. d4 d5 6. c3 c6 7. Nbd2 Bf5 8. Nh4 Ne4 9. Nxe4 Bxe4 10. f3 Bf5 11. Nxf5 gxf5 12. e4 fxe4 13. fxe4 e6 14. Qg4 Kh8 15. Bg5 f6 16. Bh4 Qd6 17. Rae1 dxe4 18. Qxe4 e5 19. Qf5 Qd7 20. Qh5 Qe8 21. Qxe8 Rxe8 22. dxe5 fxe5 23. Rf7 Na6 24. Rxb7 Nc5 25. Rc7 e4 26. Rxc6 Nd3 27. Re2 Rab8 28. b3 Nc1 29. Rc2 Nd3 30. Bg5 e3 31. Re2 Nc1 32. Rxe3 Rxe3 33. Bxe3 Nxa2 34. Bxa7 Rd8 35. b4 Nxc3 36. Bf1 Ra8 37. Be3 Nd5 38. Bc5 h5 39. Ra6 Rc8 40. Bg2 Nc3 41. Ra8 Rxa8 42. Bxa8 h4 43. Bc6 hxg3 44. hxg3 Be5 45. Kf2 Kg8 46. g4 Kf7 47. Ke3 Ke6 48. Bd4 Nd1+ 49. Kd3 Nb2+ 50. Ke4 1-0

[Event "45th FIDE Olympiad 2024"]
[Site "Budapest"]
[Date "2024.09.13"]
[Round "3.150"]
[White "Alfaro, William"]
[Black "Rodriguez Vila, Andres"]
[Result "0-1"]
[ECO "A87"]
[WhiteElo "2133"]
[BlackElo "2417"]
[Annotator "RC"]
[PlyCount "66"]
[EventDate "2024.09.05"]
[EventType "team-tourn"]
[EventCountry "HUN"]
[SourceTitle "playchess.com"]
[Source "ChessBase"]
[SourceQuality "1"]
[WhiteTeam "Nicaragua"]
[BlackTeam "Uruguay"]
[WhiteTeamCountry "NCA"]
[BlackTeamCountry "URU"]
[TimeControl "40/5400+30:1800+30"]

1. d4 d6 2. Nf3 g6 3. c4 f5 4. g3 Bg7 5. Bg2 Nf6 6. Nc3 O-O 7. O-O h6 8. Qb3 Nc6 9. d5 Na5 10. Qa4 b6 11. Qc2 Nxc4 12. Nb5 a6 13. Qxc4 axb5 14. Qxb5 Ba6 15. Qb3 Bxe2 16. Nd4 Bxf1 17. Bxf1 Ne4 18. Qc4 Nc5 19. Rb1 e5 20. dxe6 d5 21. e7 dxc4 22. Bxc4+ Kh7 23. exd8=Q Rfxd8 24. Nc2 Rd1+ 25. Kg2 Bxb2 26. Rxb2 Rxc1 27. Ne3 Rd8 28. h4 h5 29. Bd5 f4 30. gxf4 Nd3 31. Rd2 Nxf4+ 32. Kf3 Nxd5 33. Nxd5 Kg7 0-1

[Event "45th FIDE Olympiad 2024"]
[Site "Budapest"]
[Date "2024.09.13"]
[Round "3.151"]
[White "Vazquez, Facundo"]
[Black "Rocha, Maximiliano"]
[Result "1-0"]
[ECO "D30"]
[WhiteElo "2388"]
[BlackElo "2156"]
[Annotator "RC"]
[PlyCount "65"]
[EventDate "2024.09.05"]
[EventType "team-tourn"]
[EventCountry "HUN"]
[SourceTitle "playchess.com"]
[Source "ChessBase"]
[SourceQuality "1"]
[WhiteTeam "Uruguay"]
[BlackTeam "Nicaragua"]
[WhiteTeamCountry "URU"]
[BlackTeamCountry "NCA"]
[TimeControl "40/5400+30:1800+30"]

1. d4 d5 2. c4 e6 3. Nf3 h6 4. g3 Nf6 5. Bg2 Bd6 6. O-O O-O 7. c5 Be7 8. Qc2 b6 9. b4 c6 10. a4 Bd7 11. Ne5 a5 12. b5 Be8 13. Na3 bxc5 14. dxc5 Qc7 15. Nd3 Bd7 16. Bf4 Qb7 17. Rab1 Rc8 18. Rfc1 Be8 19. Qa2 Nbd7 20. b6 Ne4 21. Be3 e5 22. Bxe4 dxe4 23. Nb2 Nf6 24. Nbc4 Nd5 25. Nd6 Bxd6 26. cxd6 Rd8 27. Nc4 f6 28. Bc5 Bf7 29. Qd2 Qd7 30. b7 Rab8 31. Nxa5 Bg6 32. Be3 Qxd6 33. Nxc6 1-0

[Event "45th FIDE Olympiad 2024"]
[Site "Budapest"]
[Date "2024.09.13"]
[Round "3.152"]
[White "Ortiz, Marcos"]
[Black "Coppola, Claudio"]
[Result "1/2-1/2"]
[ECO "B55"]
[WhiteElo "2191"]
[BlackElo "2286"]
[Annotator "RC"]
[PlyCount "144"]
[EventDate "2024.09.05"]
[EventType "team-tourn"]
[EventCountry "HUN"]
[SourceTitle "playchess.com"]
[Source "ChessBase"]
[SourceQuality "1"]
[WhiteTeam "Nicaragua"]
[BlackTeam "Uruguay"]
[WhiteTeamCountry "NCA"]
[BlackTeamCountry "URU"]
[TimeControl "40/5400+30:1800+30"]

1. e4 c5 2. Nf3 d6 3. d4 cxd4 4. Nxd4 Nf6 5. Bb5+ Bd7 6. c4 e5 7. Nb3 a6 8. Bxd7+ Nbxd7 9. Be3 Nxe4 10. Qd5 Ndf6 11. Qxb7 Qc8 12. Qxc8+ Rxc8 13. f3 Rxc4 14. fxe4 Rxe4 15. Kd2 d5 16. Nc3 Rg4 17. Rae1 Rxg2+ 18. Kc1 Bd6 19. Bf4 Ng4 20. Nxd5 Nf2 21. Rhf1 Nd3+ 22. Kb1 Nxe1 23. Rxe1 O-O 24. Bg3 f5 25. Ne3 Rxg3 26. hxg3 e4 27. g4 Bb4 28. Rf1 f4 29. Nd5 Bd6 30. Nd4 f3 31. Nf5 Bc5 32. Nc3 g6 33. Nh6+ Kg7 34. Nxe4 Be7 35. g5 Rf4 36. Nf2 Bxg5 37. Nhg4 h5 38. Ne5 Bf6 39. Ned3 Rf5 40. Ne4 Bd4 41. Kc2 h4 42. Ndf2 g5 43. Kd3 Bb6 44. Ng4 Rf4 45. Ne3 g4 46. Nd5 g3 47. Nxf4 g2 48. Rd1 g1=Q 49. Rxg1+ Bxg1 50. Nh3 Bb6 51. Nd2 f2 52. Ke2 Bd4 53. b3 Kg6 54. Nf3 Bf6 55. Nxf2 Kf5 56. Ke3 Bd8 57. Nd4+ Kg6 58. Kf3 Bb6 59. Ne2 Kf5 60. Ne4 Ke5 61. Nd2 Bd8 62. Kg4 Kd5 63. Kf5 Kc5 64. a3 h3 65. Nf3 Bc7 66. Nf4 h2 67. Nxh2 Kd4 68. Ne6+ Kc3 69. Nc5 Bxh2 70. b4 Kb2 71. Nxa6 Kxa3 72. b5 Ka4 1/2-1/2

[Event "45th FIDE Olympiad 2024"]
[Site "Budapest"]
[Date "2024.09.13"]
[Round "3.153"]
[White "Juarez Flores, Carlos A."]
[Black "Kulaots, Kaido"]
[Result "1/2-1/2"]
[ECO "D05"]
[WhiteElo "2308"]
[BlackElo "2506"]
[Annotator "RC"]
[PlyCount "104"]
[EventDate "2024.09.05"]
[EventType "team-tourn"]
[EventCountry "HUN"]
[SourceTitle "playchess.com"]
[Source "ChessBase"]
[SourceQuality "1"]
[WhiteTeam "Guatemala"]
[BlackTeam "Estonia"]
[WhiteTeamCountry "GUA"]
[BlackTeamCountry "EST"]
[TimeControl "40/5400+30:1800+30"]

1. d4 Nf6 2. Nf3 e6 3. e3 d5 4. Bd3 c5 5. O-O Nc6 6. b3 cxd4 7. exd4 Be7 8. a3 Qc7 9. Re1 b6 10. Nbd2 Bb7 11. Qe2 Nh5 12. g3 Nf6 13. Bb2 O-O 14. Rac1 Rac8 15. c4 dxc4 16. bxc4 Qd8 17. Bb1 Re8 18. Qd3 g6 19. Qc3 Na5 20. Qe3 Bf8 21. Ne5 Bg7 22. Ba2 Nc6 23. Ndf3 Nxe5 24. Nxe5 Qe7 25. a4 Ba8 26. f3 Qb7 27. Bb1 Nd7 28. Be4 Qc7 29. Bxa8 Rxa8 30. f4 Nf6 31. Qf3 Qd6 32. Red1 Rac8 33. Ba3 Qd8 34. d5 exd5 35. cxd5 Rxc1 36. Bxc1 Nd7 37. Nc6 Qf6 38. d6 h5 39. Ne7+ Kh7 40. Ba3 Rd8 41. Kg2 Qe6 42. h4 Nf6 43. Rd2 Qc4 44. Re2 Qxa4 45. f5 Qd1 46. Ra2 Rxd6 47. fxg6+ fxg6 48. Bxd6 Qxd6 49. Rxa7 Ng4 50. Qe2 b5 51. Kh3 Qc5 52. Nxg6 Qxa7 1/2-1/2